TOP OF THE 1ST |
Grand Rapids HS Summit batting - Pitching for Tulsa HS As : RHP Enrique Boyd
|
Pitching: RHP Enrique Boyd
|
|
Batting: RHB Bob Barnes
|
0-0: Called Strike 0-1: Foul Ball, location: 2F 0-2: Ball 1-2: Fly out, F9 (Flyball, 89M)
|
Batting: LHB Chris Henry
|
0-0: Ball 1-0: SOLO HOME RUN (Flyball, 9LD), Distance : 357 ft
|
Batting: RHB Jonathan Holden
|
0-0: Ball 1-0: Foul Ball, location: 2F 1-1: Ball 2-1: SOLO HOME RUN (Flyball, 7LD), Distance : 331 ft
|
Batting: LHB Carlos Gutiérrez
|
0-0: Called Strike 0-1: Ball 1-1: DOUBLE (Flyball, 8RXD)
|
Batting: LHB Harry Adams
|
0-0: Ball 1-0: Called Strike 1-1: Foul Ball, location: 2F 1-2: Ball 2-2: Ball 3-2: Base on Balls
|
Batting: RHB Leroy Bates
|
0-0: Fly out, F8 (Flyball, 8LM)
|
Batting: RHB Ramón Espinoza
|
0-0: Foul Ball, location: 2F 0-1: Foul Ball, location: 2F 0-2: Strikes out swinging
|
Top of the 1st over - 2 run(s), 3 hit(s), 0 error(s), 2 left on base; Grand Rapids HS 2 - Tulsa HS 0 |
BOTTOM OF THE 1ST |
Tulsa HS As batting - Pitching for Grand Rapids HS Summit : LHP Greg Kennedy
|
Pitching: LHP Greg Kennedy
|
|
Batting: LHB Ed Ballard
|
0-0: Fly out, F7 (Flyball, 7LMF)
|
Batting: RHB Spencer Pritchett
|
0-0: Ball 1-0: Called Strike 1-1: Foul Ball, location: 2F 1-2: Ground out 1-3 (Groundball, 15)
|
Batting: LHB Edgar López
|
0-0: Ball 1-0: Fly out, F8 (Popup, 8LS)
|
Bottom of the 1st over - 0 run(s), 0 hit(s), 0 error(s), 0 left on base; Grand Rapids HS 2 - Tulsa HS 0 |
TOP OF THE 2ND |
Grand Rapids HS Summit batting - Pitching for Tulsa HS As : RHP Enrique Boyd
|
Batting: RHB Júlio Ramos
|
0-0: Called Strike 0-1: Fly out, F7 (Flyball, 78M)
|
Batting: RHB Gabriel Bernal
|
0-0: Ground out 5-3 (Groundball, 56)
|
Batting: RHB Bob Barnes
|
0-0: Swinging Strike 0-1: Ball 1-1: Ball 2-1: Ground out 6-3 (Groundball, 6)
|
Top of the 2nd over - 0 run(s), 0 hit(s), 0 error(s), 0 left on base; Grand Rapids HS 2 - Tulsa HS 0 |
BOTTOM OF THE 2ND |
Tulsa HS As batting - Pitching for Grand Rapids HS Summit : LHP Greg Kennedy
|
Batting: RHB Ben Kearley
|
0-0: Called Strike 0-1: Ball 1-1: Swinging Strike 1-2: Fly out, F1 (Popup, 15S)
|
Batting: RHB Joe Lord
|
0-0: Called Strike 0-1: Called Strike 0-2: Strikes out swinging
|
Batting: RHB Clifton Sturt
|
0-0: Ball 1-0: Fly out, F3 (Popup, 13S)
|
Bottom of the 2nd over - 0 run(s), 0 hit(s), 0 error(s), 0 left on base; Grand Rapids HS 2 - Tulsa HS 0 |
TOP OF THE 3RD |
Grand Rapids HS Summit batting - Pitching for Tulsa HS As : RHP Enrique Boyd
|
Batting: LHB Chris Henry
|
0-0: Foul Ball, location: 2F 0-1: Ball 1-1: Swinging Strike 1-2: Ball 2-2: Strikes out looking
|
Batting: RHB Jonathan Holden
|
0-0: Ball 1-0: Ball 2-0: Called Strike 2-1: Ball 3-1: Fly out, F7 (Flyball, 78M)
|
Batting: LHB Carlos Gutiérrez
|
0-0: Ball 1-0: Called Strike 1-1: Ball 2-1: Called Strike 2-2: Strikes out swinging
|
Top of the 3rd over - 0 run(s), 0 hit(s), 0 error(s), 0 left on base; Grand Rapids HS 2 - Tulsa HS 0 |
BOTTOM OF THE 3RD |
Tulsa HS As batting - Pitching for Grand Rapids HS Summit : LHP Greg Kennedy
|
Batting: RHB Rob Turner
|
0-0: Foul Ball, location: 2F 0-1: Ball 1-1: Swinging Strike 1-2: Ball 2-2: Foul Ball, location: 2F 2-2: Fly out, F4 (Popup, 15)
|
Batting: SHB Walt Gómez
|
0-0: SINGLE (Flyball, 9LM)
|
Batting: SHB Daniel Lee
|
0-0: Ball 1-0: Ball 2-0: Ball 3-0: Base on Balls Walt Gómez to second
|
Batting: LHB Ed Ballard
|
0-0: Ball 1-0: Ball 2-0: Foul Ball, location: 2F 2-1: Foul Ball, location: 2F 2-2: Fielders Choice at 2nd, 4-6 (Groundball, 4) Walt Gómez to third
|
Batting: RHB Spencer Pritchett
|
0-0: Ball 1-0: Swinging Strike 1-1: Ball 2-1: Fly out, F7 (Flyball, 7D)
|
Bottom of the 3rd over - 0 run(s), 1 hit(s), 0 error(s), 2 left on base; Grand Rapids HS 2 - Tulsa HS 0 |
TOP OF THE 4TH |
Grand Rapids HS Summit batting - Pitching for Tulsa HS As : RHP Enrique Boyd
|
Batting: LHB Harry Adams
|
0-0: Swinging Strike 0-1: Ball 1-1: Ground out 5-3 (Groundball, 15S)
|
Batting: RHB Leroy Bates
|
0-0: Called Strike 0-1: Ball 1-1: Called Strike 1-2: Ball 2-2: SOLO HOME RUN (Flyball, 7D), Distance : 378 ft
|
Batting: RHB Ramón Espinoza
|
0-0: Called Strike 0-1: Swinging Strike 0-2: Strikes out swinging
|
Batting: RHB Júlio Ramos
|
0-0: Ground out 5-3 (Groundball, 56)
|
Top of the 4th over - 1 run(s), 1 hit(s), 0 error(s), 0 left on base; Grand Rapids HS 3 - Tulsa HS 0 |
BOTTOM OF THE 4TH |
Tulsa HS As batting - Pitching for Grand Rapids HS Summit : LHP Greg Kennedy
|
Batting: LHB Edgar López
|
0-0: DOUBLE (Flyball, 89D)
|
Batting: RHB Ben Kearley
|
0-0: Swinging Strike 0-1: Foul Ball, location: 2F 0-2: Ball 1-2: Ground out 5-3 (Groundball, 5)
|
Batting: RHB Joe Lord
|
0-0: Ball 1-0: Ball 2-0: SINGLE (Groundball, 4MD) Edgar López to third
|
Batting: RHB Clifton Sturt
|
0-0: Called Strike 0-1: Ball 1-1: Ball 2-1: Ball 3-1: Base on Balls Joe Lord to second
|
Batting: RHB Rob Turner
|
0-0: Grounds into double play, 6-4-3 (Groundball, 6)
|
Bottom of the 4th over - 0 run(s), 2 hit(s), 0 error(s), 2 left on base; Grand Rapids HS 3 - Tulsa HS 0 |
TOP OF THE 5TH |
Grand Rapids HS Summit batting - Pitching for Tulsa HS As : RHP Enrique Boyd
|
Batting: RHB Gabriel Bernal
|
0-0: Called Strike 0-1: Ball 1-1: Ball 2-1: Foul Ball, location: 2F 2-2: SINGLE (Flyball, 78M)
|
Batting: RHB Bob Barnes
|
0-0: Called Strike 0-1: Foul Ball, location: 2F 0-2: Ball 1-2: Ball 2-2: Fly out, F9 (Flyball, 89S)
|
Batting: LHB Chris Henry
|
0-0: Ball 1-0: Ball 2-0: Ball 3-0: Called Strike 3-1: Foul Ball, location: 2F 3-2: Base on Balls Gabriel Bernal to second
|
Batting: RHB Jonathan Holden
|
0-0: Ball 1-0: Called Strike 1-1: Foul Ball, location: 2F 1-2: Strikes out swinging
|
Batting: LHB Carlos Gutiérrez
|
0-0: Ball 1-0: Foul Ball, location: 2F 1-1: Called Strike 1-2: Fly out, F8 (Flyball, 8LD)
|
Top of the 5th over - 0 run(s), 1 hit(s), 0 error(s), 2 left on base; Grand Rapids HS 3 - Tulsa HS 0 |
BOTTOM OF THE 5TH |
Tulsa HS As batting - Pitching for Grand Rapids HS Summit : LHP Greg Kennedy
|
Batting: SHB Walt Gómez
|
0-0: Ball 1-0: Ball 2-0: Called Strike 2-1: Foul Ball, location: 2F 2-2: Foul Ball, location: 2F 2-2: Strikes out swinging
|
Batting: SHB Daniel Lee
|
0-0: Called Strike 0-1: Ground out 4-3 (Groundball, 13)
|
Batting: LHB Ed Ballard
|
0-0: Swinging Strike 0-1: Swinging Strike 0-2: DOUBLE (Groundball, 3L)
|
Batting: RHB Spencer Pritchett
|
0-0: Swinging Strike 0-1: Swinging Strike 0-2: Foul Ball, location: 2F 0-2: Ball 1-2: Strikes out swinging
|
Bottom of the 5th over - 0 run(s), 1 hit(s), 0 error(s), 1 left on base; Grand Rapids HS 3 - Tulsa HS 0 |
TOP OF THE 6TH |
Grand Rapids HS Summit batting - Pitching for Tulsa HS As : RHP Enrique Boyd
|
Pitching: RHP Brady Adkins
|
|
Batting: LHB Harry Adams
|
0-0: Ball 1-0: Called Strike 1-1: DOUBLE (Line Drive, 7LS)
|
Batting: RHB Leroy Bates
|
0-0: Called Strike 0-1: Foul Ball, location: 2F 0-2: Foul Ball, location: 2F 0-2: Foul Ball, location: 2F 0-2: Ball 1-2: Ball 2-2: Ball 3-2: Strikes out swinging
|
Batting: RHB Ramón Espinoza
|
0-0: Ball 1-0: Called Strike 1-1: Foul Ball, location: 2F 1-2: Ball 2-2: Ball 3-2: Base on Balls
|
Batting: RHB Júlio Ramos
|
0-0: Ball 1-0: Ball 2-0: Called Strike 2-1: Foul Ball, location: 2F 2-2: Strikes out swinging
|
Batting: RHB Gabriel Bernal
|
0-0: Swinging Strike 0-1: Called Strike 0-2: Strikes out swinging
|
Top of the 6th over - 0 run(s), 1 hit(s), 0 error(s), 2 left on base; Grand Rapids HS 3 - Tulsa HS 0 |
BOTTOM OF THE 6TH |
Tulsa HS As batting - Pitching for Grand Rapids HS Summit : LHP Greg Kennedy
|
Batting: LHB Edgar López
|
0-0: Called Strike 0-1: Ball 1-1: TRIPLE (Flyball, 89XD)
|
Batting: RHB Ben Kearley
|
0-0: Ball 1-0: Ball 2-0: Foul Ball, location: 2F 2-1: Foul Ball, location: 2F 2-2: Ball 3-2: Base on Balls
|
Batting: RHB Joe Lord
|
0-0: Called Strike 0-1: Swinging Strike 0-2: Ball 1-2: Foul Ball, location: 2F 1-2: Foul Ball, location: 2F 1-2: Fly out, F3 (Popup, 3L)
|
Pitching: RHP Jon Soto
|
|
Batting: RHB Clifton Sturt
|
0-0: Ball 1-0: Swinging Strike 1-1: Ball 2-1: Ball 3-1: Foul Ball, location: 2F 3-2: Strikes out swinging
|
Batting: RHB Rob Turner
|
0-0: Swinging Strike 0-1: Ball 1-1: Ball 2-1: Foul Ball, location: 2F 2-2: Strikes out looking
|
Bottom of the 6th over - 0 run(s), 1 hit(s), 0 error(s), 2 left on base; Grand Rapids HS 3 - Tulsa HS 0 |
TOP OF THE 7TH |
Grand Rapids HS Summit batting - Pitching for Tulsa HS As : RHP Brady Adkins
|
Batting: RHB Bob Barnes
|
0-0: Fly out, F8 (Flyball, 8RM)
|
Batting: LHB Chris Henry
|
0-0: Called Strike 0-1: Called Strike 0-2: Ball 1-2: Ball 2-2: Ball 3-2: Foul Ball, location: 2F 3-2: Ground out 4-3 (Groundball, 4)
|
Batting: RHB Jonathan Holden
|
0-0: Foul Ball, location: 2F 0-1: Ball 1-1: Fly out, F7 (Flyball, 78M)
|
Top of the 7th over - 0 run(s), 0 hit(s), 0 error(s), 0 left on base; Grand Rapids HS 3 - Tulsa HS 0 |
BOTTOM OF THE 7TH |
Tulsa HS As batting - Pitching for Grand Rapids HS Summit : RHP Jon Soto
|
Batting: SHB Walt Gómez
|
0-0: Called Strike 0-1: Foul Ball, location: 2F 0-2: Ball 1-2: Ball 2-2: Ball 3-2: Ground out 4-3 (Groundball, 4)
|
Batting: SHB Daniel Lee
|
0-0: Ball 1-0: Foul Ball, location: 2F 1-1: SINGLE (Line Drive, 8LS)
|
Batting: LHB Ed Ballard
|
0-0: Ball 1-0: Foul Ball, location: 2F 1-1: Foul Ball, location: 2F 1-2: Strikes out swinging
|
Batting: RHB Spencer Pritchett
|
0-0: Ball 1-0: Foul Ball, location: 2F 1-1: DOUBLE (Flyball, 78D) Daniel Lee to third Runner from 3rd tries for Home, SAFE, no throw or cutoff
|
Batting: LHB Edgar López
|
0-0: Ball 1-0: Ball 2-0: Ball 3-0: Base on Balls
|
Batting: RHB Ben Kearley
|
0-0: 3-RUN HOME RUN (Line Drive, 7LD), Distance : 336 ft
|
Pitching: LHP José Padilla
|
|
Batting: RHB Joe Lord
|
0-0: Ground out 1-3 (Groundball, 13)
|
Bottom of the 7th over - 4 run(s), 3 hit(s), 0 error(s), 0 left on base; Grand Rapids HS 3 - Tulsa HS 4 |
TOP OF THE 8TH |
Grand Rapids HS Summit batting - Pitching for Tulsa HS As : RHP Brady Adkins
|
Pitching: RHP Doug Lowe
|
|
Now at 2B: Jacob Wilcox
|
|
Batting: LHB Carlos Gutiérrez
|
0-0: Ball 1-0: Ball 2-0: Ball 3-0: Base on Balls
|
Pitching: LHP Bill Howard
|
|
Batting: LHB Harry Adams
|
0-0: Called Strike 0-1: Swinging Strike 0-2: Ball 1-2: Ball 2-2: Strikes out swinging
|
Pitching: RHP Gerald Bryant
|
|
Batting: RHB Leroy Bates
|
0-0: Ball 1-0: Foul Ball, location: 2F 1-1: Ball 2-1: Foul Ball, location: 2F 2-2: Foul Ball, location: 2F 2-2: Ball 3-2: Grounds into double play, 4-6-3 (Groundball, 4)
|
Top of the 8th over - 0 run(s), 0 hit(s), 0 error(s), 0 left on base; Grand Rapids HS 3 - Tulsa HS 4 |
BOTTOM OF THE 8TH |
Tulsa HS As batting - Pitching for Grand Rapids HS Summit : LHP José Padilla
|
Batting: RHB Clifton Sturt
|
0-0: Ball 1-0: Swinging Strike 1-1: Ball 2-1: Swinging Strike 2-2: Foul Ball, location: 2F 2-2: DOUBLE (Flyball, 8LM)
|
Batting: RHB Rob Turner
|
0-0: Intentional Walk
|
Pinch Hitting: RHB Alexis Peters
|
0-0: Reached on error, E5 (Groundball, 5L) Clifton Sturt to third Rob Turner to second
|
Pinch Hitting: RHB Bobby Howard
|
0-0: Called Strike 0-1: Ball 1-1: Ball Wild Pitch! Clifton Sturt scores Rob Turner to third Alexis Peters to second 2-1: Swinging Strike 2-2: Foul Ball, location: 2F 2-2: Strikes out swinging
|
Batting: LHB Ed Ballard
|
0-0: Ball 1-0: Called Strike 1-1: Foul Ball, location: 2F 1-2: Ball 2-2: Foul Ball, location: 2F 2-2: Foul Ball, location: 2F 2-2: Ball 3-2: Foul Ball, location: 2F 3-2: Base on Balls
|
Batting: RHB Spencer Pritchett
|
0-0: Ball 1-0: Swinging Strike 1-1: Fly out, F9 (Flyball, 9M) Runner from 3rd tags up, SCORES, no throw
|
Batting: SHB Jacob Wilcox
|
0-0: Fly out, F9 (Flyball, 9M)
|
Bottom of the 8th over - 2 run(s), 1 hit(s), 1 error(s), 2 left on base; Grand Rapids HS 3 - Tulsa HS 6 |
TOP OF THE 9TH |
Grand Rapids HS Summit batting - Pitching for Tulsa HS As : RHP Gerald Bryant
|
Pitching: RHP Brian Gardner
|
|
Now in LF: Jeff Moore
|
|
Now in RF: Bobby Howard
|
|
Batting: RHB Ramón Espinoza
|
0-0: Fly out, F5 (Line Drive, 5)
|
Batting: RHB Júlio Ramos
|
0-0: Called Strike 0-1: Ball 1-1: Ball 2-1: Ball 3-1: Foul Ball, location: 2F 3-2: Foul Ball, location: 2F 3-2: Foul Ball, location: 2F 3-2: Foul Ball, location: 2F 3-2: Foul Ball, location: 2F 3-2: Base on Balls
|
Batting: RHB Gabriel Bernal
|
0-0: Ball 1-0: Foul Ball, location: 2F 1-1: Called Strike 1-2: Ball 2-2: Foul Ball, location: 2F 2-2: Fly out, F4 (Popup, 4)
|
Batting: RHB Bob Barnes
|
0-0: Fly out, F7 (Flyball, 78S)
|
Top of the 9th over - 0 run(s), 0 hit(s), 0 error(s), 1 left on base; Grand Rapids HS 3 - Tulsa HS 6 |
|